 Dungeon Crawl Stone Soup version 0.30.1 (webtiles) character file.

Game seed: 6266780465862463750

10512 Cheops the Basher (level 11, 0/84 HPs)
             Began as a Minotaur Fighter on July 10, 2023.
             Was a Priest of Ru.
             Succumbed to Amaemon's poison
             ... on level 10 of the Dungeon.
             The game lasted 00:30:34 (8939 turns).

Cheops the Basher (Minotaur Fighter)                Turns: 8939, Time: 00:30:35

Health: 0/84       AC: 15    Str: 26    XL:     11   Next: 37%
Magic:  10/10      EV:  7    Int:  5    God:    Ru [***...]
Gold:   785        SH:  6    Dex:  9    Spells: 10/10 levels left

rFire   + . .        a - +2 flail (heavy)
rCold   + . .        K - +0 buckler
rNeg    . . .        n - +0 plate armour
rPois   .            (helmet restricted)
rElec   .            M - scarf {rC+ rF+}
rCorr   .            (no gloves)
SInv    .            (no boots)
Will    .....        o - amulet of regeneration Stlth
                     (no ring)
HPRegen 1.14/turn    (no ring)
MPRegen 0.12/turn

%: no passive effects
@: lethally poisoned (0 -> -20), weakened
A: horns 2, frail 1, weak-willed 1, retaliatory headbutt
a: Renounce Religion, Draw Out Power


You were on level 10 of the Dungeon.
You worshipped Ru.
Ru was most pleased with you.
You visited 2 branches of the dungeon, and saw 11 of its levels.
You also visited: Sewer.

You collected 785 gold pieces.

Inventory:

Hand Weapons
 a - a +2 heavy flail (weapon)
 b - a +2 flail of protection
 c - a +0 hand axe of venom
 d - a +0 flail
 y - a +0 whip of freezing
Missiles
 I - a throwing net (quivered)
Armour
 n - a +0 plate armour (worn)
 u - a +0 scale mail
 K - a +0 buckler (worn)
 M - a scarf of resistance (worn)
 S - an orb of light
Jewellery
 e - a ring of ice
 o - an amulet of regeneration (around neck)
 D - a ring of ice
Wands
 v - a wand of flame (9)
 H - a wand of paralysis (11)
 J - a wand of iceblast (12)
 R - a wand of mindburst (11)
Scrolls
 f - 9 scrolls of teleportation
 j - a scroll of torment {unknown}
 k - 6 scrolls of immolation {unknown}
 l - a scroll of brand weapon {unknown}
 m - 3 scrolls of enchant armour {unknown}
 p - 3 scrolls of poison {unknown}
 r - 2 scrolls of noise {unknown}
 s - 2 scrolls of fear {unknown}
 x - a scroll of acquirement {unknown}
 G - 3 scrolls of enchant weapon {unknown}
 L - 4 scrolls of blinking {unknown}
 P - a scroll of amnesia {unknown}
 Q - a scroll of butterflies {unknown}
Potions
 g - 6 potions of haste
 h - 3 potions of curing {unknown}
 i - 4 potions of lignification
 q - 2 potions of ambrosia
 t - 2 potions of flight
 w - a potion of brilliance
 z - a potion of resistance {unknown}
 A - a potion of invisibility {unknown}
 B - 2 potions of magic
 C - a potion of cancellation {unknown}
 E - 2 potions of might
 F - a potion of berserk rage
 N - a potion of attraction
 O - a potion of heal wounds
 T - a potion of degeneration {unknown}


   Skills:
 - Level 8.0 Fighting
 - Level 14.0 Maces & Flails
 - Level 12.1 Armour
 + Level 10.1 Shields


You had 10 spell levels left.
You didn't know any spells.
Your spell library contained the following spells:

 Spells                   Type           Power      Damage    Failure   Level
 Kiss of Death            Conj/Necr      0%         2d5       99%         1
 Sandblast                Erth           0%         2d4       99%         1
 Summon Small Mammal      Summ           0%         N/A       99%         1
 Lesser Beckoning         Tloc           0%         N/A       100%        2
 Call Canine Familiar     Summ           0%         N/A       100%        3
 Dazzling Flash           Conj/Hex       0%         N/A       100%        3
 Gell's Gravitas          Tloc           0%         N/A       100%        3
 Portal Projectile        Hex/Tloc       0%         N/A       100%        3
 Summon Guardian Golem    Hex/Summ       0%         N/A       100%        3
 Teleport Other           Tloc           0%         N/A       100%        3
 Tukima's Dance           Hex            0%         N/A       100%        3
 Agony                    Necr           0%         N/A       100%        5
 Blade Hands              Tmut           0%         N/A       100%        5
 Silence                  Hex/Air        0%         N/A       100%        5
 Statue Form              Tmut/Erth      0%         N/A       100%        6
 Spellforged Servitor     Conj/Summ      0%         N/A       100%        7


Dungeon Overview and Level Annotations

Branches:
Dungeon (10/15)            Temple (1/1) D:4            Lair (0/5) D:8
  Sewer (visited)
    Orc: D:9-12

Altars:
Ashenzari
Cheibriados
Dithmenos
Elyvilon
Fedhas
Gozag
Hepliaklqana
Kikubaaqudgha
Makhleb
Nemelex Xobeh
Okawaru
Qazlal
Ru
Trog
Uskayaw
Vehumet
Wu Jian
Xom
Yredelemnul
Zin
The Shining One

Shops:
D:3 :   D:9 (

Annotations:
D:10 Amaemon


Innate Abilities, Weirdness & Mutations

You have a pair of horns on your head.
You are frail. (-10% HP)
You are slightly weak-willed. (Will-)
You reflexively headbutt those who attack you in melee.


Message History

Amaemon is heavily wounded.
You feel extremely sick.
Amaemon hits you with a +0 demon whip of venom.
* * * LOW HITPOINT WARNING * * *
You are more poisoned.
You block Amaemon's attack.
Amaemon tail-slaps you but does no damage.
You sock Amaemon!
Amaemon is heavily wounded.
You feel extremely sick. Amaemon completely misses you.
You furiously retaliate!
You headbutt Amaemon. Amaemon completely misses you.
Amaemon tail-slaps you but does no damage.
You sock Amaemon! You headbutt Amaemon!
Amaemon is almost dead.
You feel very sick.
Amaemon casts a spell.
You hit Amaemon. Your headbutt misses Amaemon.
Amaemon is almost dead.
You feel very sick. Amaemon hits you but does no damage.
You are more poisoned.
Amaemon claws you.
* * * LOW HITPOINT WARNING * * *
You block Amaemon's attack. You block the scorpion's attack.
The scorpion stings you but does no damage.
You barely miss Amaemon.
Amaemon is almost dead.
* * * LOW HITPOINT WARNING * * *
You feel very sick.
Amaemon hits you with a +0 demon whip of venom.
* * * LOW HITPOINT WARNING * * *
You are more poisoned.
Amaemon closely misses you.
Amaemon tail-slaps you but does no damage.
You block the scorpion's attack. The scorpion stings you.
* * * LOW HITPOINT WARNING * * *
You sock Amaemon!
Amaemon is almost dead.
You die...

#......########.#.[..###.###.#
#......# #.##.### #.###.#
######.# #.#### ####.## #.#
#.# ######.# #.# +.# ##.#.#.##
#. #.# ##...#.##
########.####.######
.......s.#...## .......@s.####
......6..## ...........
............. ...............
...............
.####'#######..
##+#####.+.....z.[.. .. ..
.........#.....K.K.. ....


You could see Amaemon and 2 scorpions.

Vanquished Creatures
  Joseph (D:8)
  Maurice (D:8)
  An orange demon (D:10)
  Psyche (D:9)
  A kobold demonologist (D:8)
  An unseen horror (D:10)
  2 trolls
  A hornet (D:8)
  A vampire (D:7)
  A shadow (D:10)
  4 wyverns
  6 yaks (D:10)
  A wraith (D:9)
  6 humans (D:10)
  Grum (D:8)
  3 wargs (D:10)
  3 vampire mosquitoes (D:10)
  Edmund (D:10)
  An acid dragon (D:10)
  A water moccasin (D:5)
  2 sky beasts
  2 ice beasts
  3 orc warriors
  3 black bears
  An ogre (D:5)
  4 wolves (D:8)
  3 centaurs
  2 phantoms (D:5)
  8 kobold brigands
  2 bullfrogs
  A scorpion (D:5)
  11 wights
  3 howler monkeys (D:9)
  2 orc priests
  6 hounds
  3 jellies
  Ijyb (D:10)
  5 iguanas
  A sleepcap (D:4)
  12 orc wizards
  7 adders
  A river rat (D:5)
  5 white imps
  2 worms (D:5)
  4 dart slugs
  31 orcs
  3 endoplasms
  9 giant cockroaches
  7 goblins
  7 hobgoblins
  16 jackals
  2 quokkas (D:1)
  10 ball pythons
  9 bats
  4 frilled lizards
  25 kobolds
  9 rats
  A spectral kobold (D:1)
265 creatures vanquished.

Vanquished Creatures (others)
  2 kobolds (D:9)
2 creatures vanquished.

Grand Total: 267 creatures vanquished

Notes
Turn   | Place    | Note
-------+----------+-------------------------------------------
     0 | D:1      | Cheops the Minotaur Fighter began the quest for the Orb.
     0 | D:1      | Reached XP level 1. HP: 19/19 MP: 0/0
    47 | D:1      | Reached skill level 3 in Maces & Flails
    85 | D:1      | Reached XP level 2. HP: 17/26 MP: 1/1
   238 | D:1      | Found a faded altar of an unknown god.
   277 | D:1      | Reached skill level 4 in Maces & Flails
   287 | D:1      | You fall into a shaft and drop 1 floor!
   416 | D:2      | Reached XP level 3. HP: 31/31 MP: 2/2
   419 | D:2      | Got Medwil's Quarto of Grit and Attacks
   919 | D:2      | Reached skill level 5 in Maces & Flails
  1477 | D:1      | Reached XP level 4. HP: 33/39 MP: 3/3
  1888 | D:3      | Reached skill level 6 in Maces & Flails
  1889 | D:3      | Reached XP level 5. HP: 23/45 MP: 4/4
  2128 | D:3      | Found Edghot's Book Emporium.
  2213 | D:3      | Reached skill level 7 in Maces & Flails
  2532 | D:4      | Noticed a black bear
  2545 | D:4      | Killed a black bear
  2546 | D:4      | Reached skill level 8 in Maces & Flails
  2546 | D:4      | Reached XP level 6. HP: 10/51 MP: 5/5
  2729 | D:4      | Noticed a sky beast
  2741 | D:4      | Killed a sky beast
  2742 | D:4      | Reached skill level 9 in Maces & Flails
  2742 | D:4      | Reached XP level 7. HP: 33/57 MP: 6/6
  2975 | D:4      | Found a staircase to the Ecumenical Temple.
  3049 | D:4      | Found a burning altar of Makhleb.
  3049 | D:4      | Noticed an Executioner
  3052 | D:4      | Noticed a smoke demon
  3052 | D:4      | Noticed a smoke demon
  3243 | Temple   | Entered the Ecumenical Temple
  3362 | Temple   | Became a worshipper of Ru the Awakened
  3413 | D:5      | Entered Level 5 of the Dungeon
  3463 | D:5      | Reached skill level 10 in Maces & Flails
  3555 | D:5      | Reached skill level 11 in Maces & Flails
  3607 | D:5      | Reached XP level 8. HP: 63/64 MP: 7/7
  3676 | D:5      | Reached skill level 12 in Maces & Flails
  3729 | D:5      | Found a glowing drain.
  3733 | Sewer    | Entered a sewer
  4416 | D:5      | Gained mutation: You are slightly weak-willed. (Will-) [Ru
                  | sacrifice]
  4416 | D:5      | Reached * piety under Ru
  4487 | D:6      | Reached skill level 13 in Maces & Flails
  4975 | D:6      | Reached skill level 14 in Maces & Flails
  4975 | D:6      | Reached XP level 9. HP: 43/66 MP: 8/8
  5298 | D:7      | Reached skill level 5 in Fighting
  5512 | D:7      | Noticed a troll
  5515 | D:7      | Killed a troll
  5917 | D:7      | Found an opulent altar of Gozag.
  6387 | D:8      | Noticed Joseph
  6391 | D:8      | Noticed Grum
  6467 | D:8      | Found a radiant altar of Vehumet.
  6491 | D:8      | Killed Grum
  6499 | D:8      | Reached skill level 5 in Armour
  6599 | D:8      | Noticed a kobold demonologist
  6606 | D:8      | Killed a kobold demonologist
  6644 | D:8      | Found a stormy altar of Qazlal.
  6645 | D:8      | Found an ancient bone altar of Kikubaaqudgha.
  6685 | D:8      | Noticed Maurice
  6773 | D:8      | Killed Maurice
  6774 | D:8      | Reached XP level 10. HP: 88/88 MP: 9/9
  6802 | D:8      | Killed Joseph
  6924 | D:8      | Found a staircase to the Lair.
  7072 | D:8      | Paralysed by a hornet for 2 turns
  7242 | D:9      | Found Hemuro Kueg's Weapon Boutique.
  7304 | D:9      | Gained mutation: You are frail. (-10% HP) [Ru sacrifice]
  7304 | D:9      | Reached ** piety under Ru
  7304 | D:9      | Reached *** piety under Ru
  7328 | D:9      | Noticed Psyche
  7335 | D:9      | Reached skill level 10 in Armour
  7348 | D:9      | Killed Psyche
  8056 | D:10     | Entered Level 10 of the Dungeon
  8302 | D:10     | Reached skill level 5 in Shields
  8620 | D:10     | Reached XP level 11. HP: 58/84 MP: 10/10
  8784 | D:10     | Noticed Edmund
  8785 | D:10     | Noticed Ijyb
  8829 | D:10     | Killed Edmund
  8842 | D:10     | Killed Ijyb
  8920 | D:10     | Noticed Amaemon
  8929 | D:10     | Reached skill level 10 in Shields
  8939 | D:10     | Succumbed to Amaemon's poison

Illustrated notes

Levels and vault maps discovered:
D:1:      minmay_arrival_checkered_box, layout_rooms,
          dreamdust_ecumenical_altar_drowned_temple
D:2:      layout_loops_ring, serial_co_window_serial, co_window_corner_a,
          co_window_paths_b, co_window_paths_a, co_window_paths_a,
          co_window_paths_b, co_window_paths_b, co_window_corner_a,
          co_window_2corner, co_window_corner_b, co_window_unsneaky_path_d,
          co_window_of_opportunity_b, co_window_broadway_b,
          co_window_of_opportunity_b, co_window_paths_d, glass_columns_c,
          glass_columns_a, glass_columns_a, glass_columns_b, glass_columns_b,
          st_stairs_1, minmay_stone_trees_small
D:3:      layout_basic, serial_shops, nicolae_shop_statue_plus,
          grunt_ministairs_9, nicolae_figureground_pulse
D:4:      layout_basic, makhleb_altar_promises_db, minmay_temple_entry_wispy
D:5:      layout_basic, gup_sewer_entry_spiral, minmay_circle_x
D:6:      layout_loops_cross
D:7:      layout_basic, kennysheep_mini_moat
D:8:      layout_rooms, lemuel_round_altar, gammafunk_temple_overflow_statue,
          lair_entry_dummy, uniq_joseph, uniq_grum, uniq_maurice
D:9:      layout_rooms, serial_aquarium, aquarium_bridge_square
          [aquarium_subvault_wall, aquarium_subvault_wall,
          aquarium_subvault_bridge, aquarium_subvault_window],
          aquarium_bridge_straight [aquarium_subvault_bridge,
          aquarium_subvault_window, aquarium_subvault_bridge,
          aquarium_subvault_balcony], aquarium_window_2,
          aquarium_window_corridor_1, aquarium_window_fake, aquarium_window_1,
          aquarium_view_2f, aquarium_pool_2, mrwooster_statue_mirror,
          minivault_26, nicolae_stop_n_shop_1, chequers_serial_rivers_micro_d,
          uniq_psyche
D:10:     erik_cavepeople, layout_irregular_city, led_sif_book,
          minmay_orc_entry_guard_dogs, uniq_amaemon
Temple:   kb_temple_of_zot

Skill      XL: |  1  2  3  4  5  6  7  8  9 10 11 |
---------------+----------------------------------+-----
Maces & Flails | 3 4 5 6 8 9 11 14 | 14.0
Fighting       | 8 |  8.0
Armour         | 8 12 | 12.1
Shields        | 6 10 | 10.1

Action                     |  1- 3 |  4- 6 |  7- 9 | 10-12 || total
---------------------------+-------+-------+-------+-------++-------
  Melee: Flail             |   107 |   141 |   317 |   226 ||   791
         Headbutt          |    12 |    19 |    44 |    22 ||    97
 Invoke: Sacrifice Essence |       |       |     1 |       ||     1
         Sacrifice Health  |       |       |       |     1 ||     1
    Use: Scroll            |       |     4 |     6 |     1 ||    11
         Potion            |       |     1 |     1 |       ||     2
   Stab: Distracted        |       |       |       |     1 ||     1
         Invisible         |       |       |       |     1 ||     1
 Armour: Scale mail        |    53 |       |       |       ||    53
         Plate armour      |     1 |   116 |   177 |   168 ||   462
         Skin              |       |       |       |    10 ||    10
  Dodge: Dodged            |    40 |    48 |    79 |    69 ||   236
  Block: Buckler           |    29 |    25 |    39 |    66 ||   159
